 Dungeon Crawl Stone Soup version 0.28.0-53-g5a82cb258f (webtiles) character file.

Game seed: 10314511619242736772

46 Zeld the Ogre Mage (level 3, -8/31 HPs)
             Began as an Ogre Fire Elementalist on June 6, 2022.
             Splashed by a jelly's acid (9 damage)
             ... on level 4 of the Dungeon.
             The game lasted 00:01:40 (1786 turns).

Zeld the Ogre Mage (Ogre Fire Elementalist)         Turns: 1786, Time: 00:01:43

Health: -8/31      AC:  3    Str: 12    XL:     3   Next: 66%
Magic:  2/7        EV:  9    Int: 18    God:
Gold:   55         SH:  0    Dex:  9    Spells: 2/8 levels left

rFire   . . .      SeeInvis .   (no weapon)
rCold   . . .      Faith    .   (no shield)
rNeg    . . .      Spirit   .   a - +0 robe
rPois   .          Reflect  .   (helmet restricted)
rElec   .          Harm     .   (no cloak)
rCorr   .          Rampage  .   (gloves unavailable)
Will    .....                   (boots unavailable)
Stlth   +.........              (no amulet)
HPRegen 0.10/turn               (no ring)
MPRegen 0.10/turn               (no ring)

@: no status effects
A: large, unfitting armour, tough skin 1
a: no special abilities


You were on level 4 of the Dungeon.
You visited 1 branch of the dungeon, and saw 4 of its levels.

You collected 55 gold pieces.

Inventory:

Armour
 a - a +0 robe (worn)
Scrolls
 c - a scroll of enchant armour {unknown}
 e - a scroll of immolation {unknown}
 f - 2 scrolls of identify {unknown}
Potions
 b - a potion of degeneration {unknown}
 d - 2 potions of lignification {unknown}


   Skills:
 - Level 1.7 Dodging
 - Level 1.4 Stealth
 * Level 3.3 Spellcasting
 + Level 1.5 Conjurations
 * Level 3.3 Fire Magic


You had 2 spell levels left.
You knew the following spells:

 Your Spells              Type           Power      Damage    Failure   Level
a - Foxfire               Conj/Fire      44%        2x1d6     6%          1
b - Scorch                Fire           28%        2d6       6%          2
c - Inner Flame           Hex/Fire       9%         N/A       24%         3

Your spell library contained the following spells:

 Spells                   Type           Power      Damage    Failure   Level
 Sandblast                Erth           6%         2d5       16%         1
 Ensorcelled Hibernation  Hex/Ice        6%         N/A       24%         2
 Passwall                 Tmut/Erth      2%         N/A       24%         2
 Conjure Flame            Conj/Fire      11%        6-21      17%         3
 Stone Arrow              Conj/Erth      10%        3d7       34%         3
 Spider Form              Tmut/Pois      3%         N/A       43%         3
 Flame Wave               Conj/Fire      11%        2d5       50%         4
 Anguish                  Hex/Necr       1%         N/A       83%         4


Dungeon Overview and Level Annotations

Branches:
Dungeon (4/15)
 Temple: D:4-7

Altars:
Nemelex Xobeh
Xom


Innate Abilities, Weirdness & Mutations

You are too large for most types of armour.
You have tough skin. (AC +1)


Message History

Confirm with . or Enter, or press ? or * to list all spells.
Flames lash the ogre.
The ogre is burned terribly!
The ogre is heavily wounded.
An endoplasm comes into view.
The ogre hits you with a +0 giant spiked club!!
Ouch! That really hurt!
* * * LOW HITPOINT WARNING * * *
Unknown command.
There is a stone staircase leading up here.
Casting: Scorch (safe; 6% risk of failure)
Confirm with . or Enter, or press ? or * to list all spells.
You miscast Scorch.
You are very lightly contaminated with residual magic.
Nothing appears to happen.
The endoplasm quivers.
Unknown command.
Found a runed copper amulet.
Your magical contamination has completely faded away.
The ogre is no longer more vulnerable to fire.
A jelly comes into view.
The jelly quivers.
An endoplasm comes into view.
Found a scroll labelled ZOVIOM WIETYU.
The endoplasm freezes you.
You are frozen.
* * * LOW HITPOINT WARNING * * *
The endoplasm quivers.
The endoplasm freezes you.
You are frozen.
* * * LOW HITPOINT WARNING * * *
Found a spear and 10 gold pieces.
The endoplasm freezes you.
You are frozen.
* * * LOW HITPOINT WARNING * * *
A kobold comes into view.
It is wielding a +0 club and quivering poisoned darts.
The kobold shouts!
The jelly hits you.
* * * LOW HITPOINT WARNING * * *
You are splashed with acid!
You die...

........$ )###......?#
.......... #.# #.......#
#".###...J...## #
##...#........# .#
##.............# ..#
##.........J....####..#
#.........@O..........#
.........##J........##
#...........>.###...##.#
##....K.####.............
#.......###..##....#.....
........##......?......##
........##..........####
........<..)........#
.............(......#


You could see an ogre, a jelly, 2 endoplasms and a kobold.

Vanquished Creatures
  A worm (D:3)
  2 dart slugs (D:1)
  An orc (D:4)
  4 ball pythons (D:1)
  2 endoplasms (D:1)
  2 giant cockroaches (D:1)
  3 goblins
  2 hobgoblins
  4 jackals (D:1)
  5 kobolds
  2 quokkas (D:3)
  3 bats (D:1)
  2 frilled lizards
  A rat (D:3)
34 creatures vanquished.

Vanquished Creatures (others)
  26 foxfires (D:1)
26 creatures vanquished.

Grand Total: 60 creatures vanquished

Notes
Turn   | Place    | Note
-------+----------+-------------------------------------------
     0 | D:1      | Zeld the Ogre Fire Elementalist began the quest for the
                  | Orb.
     0 | D:1      | Reached XP level 1. HP: 16/16 MP: 3/3
   183 | D:1      | Reached skill level 1 in Conjurations
   231 | D:1      | Reached XP level 2. HP: 24/24 MP: 2/5
   234 | D:1      | Learned a level 2 spell: Scorch
   691 | D:1      | Reached XP level 3. HP: 31/31 MP: 2/7
   711 | D:1      | Learned a level 3 spell: Inner Flame
  1310 | D:3      | Found a sparkling altar of Nemelex Xobeh.
  1669 | D:3      | Found a shimmering altar of Xom.
  1757 | D:4      | Noticed an ogre
  1786 | D:4      | HP: 1/31 [jelly (2)]
  1786 | D:4      | Splashed by a jelly's acid

Illustrated notes

Levels and vault maps discovered:
D:1:      ncdulo_watergridlock, layout_basic
D:2:      layout_rooms, grunt_ministairs_11, minmay_strange_pillars
D:3:      layout_basic, mainiacjoe_overflow_boulevard, xom_teletrap_fun,
          mainiacjoe_overflow_six_doors_small, minmay_statues_item
D:4:      layout_rooms, serial_shops, nicolae_shop_advertising_works
          [nicolae_subvault_shop_adworks], ebering_ghost_inner_flame

Skill      XL: |  1  2 |
---------------+-------+-----
Conjurations   | 1 |  1.5
Fire Magic     | 3 |  3.3
Spellcasting   | 3 |  3.3
Dodging        | |  1.7
Stealth        | |  1.4

Action                   || total
-------------------------++-------
Melee: Unarmed           ||    43
       Punch             ||     2
 Cast: Foxfire           ||    18
       Scorch            ||    30
Armor: Robe              ||    41
Dodge: Dodged            ||    28
